 Dungeon Sprint DCSS version 0.19.4-9-g45fd643 (webtiles) character file.

185 equalderp2856 the Gouger (level 5, 0/26 HPs)
             Began as a Felid Fighter on Feb 21, 2017.
             Was an Initiate of Gozag.
             Slain by a warg (17 damage)
             ... in the Dungeon (Sprint VII: "The Pits").
             The game lasted 00:02:29 (791 turns).

equalderp2856 the Gouger (Felid Fighter)             Turns: 791, Time: 00:02:30

Health: 0/26       AC:  1    Str: 13    XL:     5   Next: 37%
Magic:  6/6        EV: 23    Int: 10    God:    Gozag
Gold:   549        SH:  0    Dex: 15    Spells: 0 memorised, 4 levels left
                                        Lives:  0   Deaths: 1

rFire  . . .     SeeInvis +       - Unarmed
rCold  . . .     Gourm    .     (armour unavailable)
rNeg   . . .     Faith    .     (shield unavailable)
rPois  .         Spirit   .     (helmet unavailable)
rElec  .         Reflect  .     (cloak unavailable)
rCorr  .         Harm     .     (gloves unavailable)
MR     .....     NoTele   +     (boots unavailable)
Stlth  +++.......               (no amulet)
                                (no ring)
                                (no ring)

@: quick
A: no armour, no weapons or thrown items, stealth, claws 1, fangs 3, see
invisible, carnivore 3, speed 1, shaggy fur 1, slow metabolism 1, sharp paws
a: Potion Petition, Call Merchant, Bribe Branch, Renounce Religion


You were in the Dungeon.
You worshipped Gozag.
Gozag was pleased with you.
You were not hungry.

You visited 1 branch You collected 549 gold pieces.

Inventory:

Scrolls
 h - a scroll of blinking
 j - 3 scrolls of remove curse
 k - 5 scrolls of amnesia
 l - a scroll of summoning
Potions
 a - a potion of might
 c - 4 potions of curing
 d - 4 potions of heal wounds
 e - a potion of haste
 f - 4 potions of magic
 g - 3 potions of berserk rage
 i - 2 potions of invisibility
Comestibles
 b - 8 meat rations


   Skills:
 + Level 5.4 Fighting
 + Level 8.1 Dodging
 + Level 4.8 Stealth
 + Level 10.1 Unarmed Combat


You had 4 spell levels left.
You didn't know any spells.

Dungeon Overview and Level Annotations

Branches:
Dungeon (1/1)

Altars:
Ashenzari
Cheibriados
Dithmenos
Elyvilon
Fedhas
Gozag
Hepliaklqana
Kikubaaqudgha
Makhleb
Nemelex Xobeh
Okawaru
Qazlal
Ru
Sif Muna
Trog
Uskayaw
Vehumet
Xom
Yredelemnul
Zin
The Shining One
Beogh
Jiyva
Lugonu

Annotations:
D Edmund


Innate Abilities, Weirdness & Mutations

You cannot wear armour.
You are incapable of wielding weapons or throwing items.
Your paws allow you to move quietly. (Stealth)
You have sharp claws.
You have razor-sharp teeth.
You have supernaturally acute eyesight. (SInv)
You are carnivorous and can eat meat at any time.
You cover ground quickly.
You are covered in fur. (AC +1)
You have a slow metabolism.
Your sharp claws are effective at attacking unaware monsters.


Message History

You closely miss the warg. Your bite misses the warg.
The warg is lightly wounded.
The warg misses you.
You closely miss the warg.
The warg is lightly wounded.
The warg misses you.
You scratch the warg but do no damage. Your bite misses the warg.
The warg barely misses you.
You claw the warg!
The warg is heavily wounded.
The warg closely misses you.
You barely miss the warg.
The warg is heavily wounded.
The warg misses you.
You scratch the warg. You bite the warg.
The warg is severely wounded.
The warg bites you!
Ouch! That really hurt!
You die...
Your body crumbles into a pile of gold.

____#####'###########++
#####)))#.##...........
%?(.')))'.##......#..#.
#########.##...........
...).......'...........
'#####'#####......#..#.
.#..#..#..##...........
.#..'..'..#####h#####++
$##'####'###....@..#
$#........##.......#
.#........##.......#
.#####'#####...<...#
.#..[)))..##.......#
.#..[)))..##.......#
'###########.......#
....hg.# #########
.###gg.#


You could see a warg.

Vanquished Creatures
  A water moccasin (D)
  A gnoll sergeant (D)
  Crazy Yiuf (D)
  A mummy (D)
  3 gnolls (D)
  3 leopard geckos (D)
  A giant cockroach (D)
  A kobold (D)
  2 quokkas (D)
  2 ball pythons (D)
  A jackal skeleton (D)
17 creatures vanquished.

Notes
Turn   | Place    | Note
-------+----------+-------------------------------------------
     0 | D        | equalderp2856 the Felid Fighter began the quest for the Orb.
     0 | D        | Reached XP level 1. HP: 10/10 MP: 2/2
    58 | D        | Found a radiant altar of Vehumet.
    58 | D        | Found a hide-covered altar of Uskayaw.
    58 | D        | Found an ancient bone altar of Kikubaaqudgha.
    58 | D        | Found a viscous altar of Jiyva.
    58 | D        | Found a hazy altar of Hepliaklqana.
    59 | D        | Found a bloodstained altar of Trog.
    59 | D        | Found a deep blue altar of Sif Muna.
    59 | D        | Found a sacrificial altar of Ru.
    59 | D        | Found a stormy altar of Qazlal.
    59 | D        | Found an iron altar of Okawaru.
    59 | D        | Found a sparkling altar of Nemelex Xobeh.
    59 | D        | Found an opulent altar of Gozag.
    59 | D        | Found a blossoming altar of Fedhas.
    59 | D        | Found a white marble altar of Elyvilon.
    59 | D        | Found a shadowy altar of Dithmenos.
    59 | D        | Found a snail-covered altar of Cheibriados.
    60 | D        | Found a glowing golden altar of the Shining One.
    60 | D        | Found a glowing silver altar of Zin.
    62 | D        | Found a roughly hewn altar of Beogh.
    62 | D        | Found a burning altar of Makhleb.
    62 | D        | Found a basalt altar of Yredelemnul.
    63 | D        | Found a shattered altar of Ashenzari.
    63 | D        | Found a corrupted altar of Lugonu.
    63 | D        | Found a shimmering altar of Xom.
    65 | D        | Became a worshipper of Gozag Ym Sagoz the Greedy
   133 | D        | Reached skill level 5 in Unarmed Combat
   133 | D        | Reached XP level 2. HP: 7/14 MP: 3/3
   305 | D        | Noticed a water moccasin
   311 | D        | Reached skill level 1 in Stealth
   328 | D        | Killed a water moccasin
   328 | D        | Reached skill level 8 in Unarmed Combat
   328 | D        | Reached XP level 3. HP: 6/18 MP: 4/4
   328 | D        | Reached XP level 4. HP: 7/22 MP: 5/5
   523 | D        | Noticed Crazy Yiuf
   523 | D        | Noticed a warg
   528 | D        | Noticed Edmund
   542 | D        | Paralysed by Crazy Yiuf for 3 turns
   545 | D        | Slain by Crazy Yiuf
   546 | D        | Reached XP level 3. HP: -5/18 MP: 4/4
   559 | D        | Killed Crazy Yiuf
   559 | D        | Reached XP level 4. HP: 19/22 MP: 5/5
   687 | D        | Noticed a gnoll sergeant
   747 | D        | Killed a gnoll sergeant
   747 | D        | Reached skill level 5 in Fighting
   747 | D        | Reached skill level 9 in Unarmed Combat
   747 | D        | Reached XP level 5. HP: 14/26 MP: 6/6
   760 | D        | Reached skill level 10 in Unarmed Combat
   791 | D        | Slain by a warg

Skill      XL: |  1  2  3  4  5 |
---------------+----------------+-----
Unarmed Combat | 5 8 9 10 | 10.1
Stealth        | 3 4 |  4.8
Fighting       | 4 5 |  5.4
Dodging        | 6 7 8 |  8.1

Action                   |  1- 3 |  4- 6 || total
-------------------------+-------+-------++-------
Melee: Unarmed           |    35 |    31 ||    66
       Bite              |     2 |     7 ||     9
       Punch             |       |     1 ||     1
  Use: Potion            |     1 |     3 ||     4
 Stab: Sleeping          |     2 |       ||     2
  Eat: Chunk             |     1 |       ||     1
Armor: Skin              |     1 |       ||     1
Dodge: Dodged            |    34 |    18 ||    52
